[Event "IND-ch Women 2019"]
[Site "Karaikkudi"]
[Date "2019.07.27"]
[Round "11.6"]
[White "Harshita Guddanti"]
[Black "Bala Kannamma P"]
[Result "1-0"]
[ECO "B43"]
[WhiteElo "2078"]
[BlackElo "2051"]
[Annotator "NA RC"]
[PlyCount "123"]
[EventDate "2019.07.19"]
[EventType "swiss"]
[EventCountry "IND"]
[SourceTitle "playchess.com"]
[Source "ChessBase"]
[SourceQuality "1"]
[TimeControl "40/5400+30:1800+30"]

1. e4 c5 2. Nf3 e6 3. d4 cxd4 4. Nxd4 a6 5. Nc3 Qc7 6. Bd3 Nc6 7. Nxc6 dxc6 8. O-O Nf6 9. f4 e5 10. Kh1 Bd6 {[%emt 0:00:00] B43: Sicilian: Kan Variation: 5 Nc3} 11. f5 b5 12. Bg5 (12. a4 Bb7 13. Be3 h5 14. axb5 axb5 15. Rxa8+ Bxa8 16. Bxb5 Bb4 17. Nd5 Nxd5 18. Qxd5 {1-0 (33) Najer,E (2682)-Artemiev,V (2682) Sochi 2017}) 12... Bb7 13. a4 b4 14. Bxf6 $146 ({Predecessor:} 14. Nb1 Nd7 15. Nd2 a5 {½-½ (36) Rojas Fernandez,A (1991)-Parayre Soguero,J (1865) Barcelona 2018}) 14... gxf6 15. Nb1 h5 16. Rf3 h4 17. Rh3 Ke7 18. Nd2 a5 19. Qe1 Bc5 20. Rxh4 Bd4 21. Rb1 Qb6 22. Rxh8 Rxh8 23. Qg3 Qd8 24. Nb3 Bb6 25. Rd1 Qf8 26. Bc4 Bc8 27. Qd3 Qd8 28. Qxd8+ Bxd8 29. g3 Bb6 30. Kg2 Rf8 31. Nc1 Bd4 32. b3 Bb7 33. Ne2 c5 34. Kf3 $18 Rh8 35. h4 Bc6 36. Rh1 Kf8 37. g4 Kg7 38. Ng3 Kf8 39. g5 fxg5 40. hxg5 Rxh1 41. Nxh1 Bc3 42. Bd5 Bd7 43. Nf2 Bd2 44. Kg4 Be3 45. Nd3 Bd4 46. Ne1 Bc3 47. Nf3 Kg7 48. Kh5 f6 49. g6 Bc8 50. Ng5 Bd2 51. Ne6+ Kh8 52. g7+ Kh7 53. g8=Q+ Kxg8 54. Kg6 Be1 55. Kxf6 Bxe6 56. Bxe6+ Kf8 57. Kxe5 Bg3+ 58. Kd5 Ke7 59. e5 Bf2 60. f6+ Kf8 61. Bg4 Bd4 62. Bh5 1-0

[Event "IND-ch Women 2019"]
[Site "Karaikkudi"]
[Date "2019.07.27"]
[Round "11.15"]
[White "Dhyana Patel"]
[Black "Thipsay, Bagyashree Sathe"]
[Result "1/2-1/2"]
[ECO "B19"]
[WhiteElo "1900"]
[BlackElo "2093"]
[Annotator "NA RC"]
[PlyCount "90"]
[EventDate "2019.07.19"]
[EventType "swiss"]
[EventCountry "IND"]
[SourceTitle "playchess.com"]
[Source "ChessBase"]
[SourceQuality "1"]
[TimeControl "40/5400+30:1800+30"]

1. e4 c6 2. d4 d5 3. Nd2 dxe4 4. Nxe4 Bf5 5. Ng3 Bg6 6. h4 h6 7. Nf3 Nd7 8. h5 Bh7 9. Bd3 Bxd3 10. Qxd3 Ngf6 11. Bd2 e6 12. O-O-O Be7 13. Ne4 Qb6 14. Nxf6+ Bxf6 15. c4 a5 16. Bc3 Qa6 $11 17. Ne5 Nb6 18. c5 Qxd3 19. Rxd3 Nd5 20. Bd2 Ke7 21. Nc4 a4 22. f4 Nc7 23. Re1 Nb5 24. Nb6 Rad8 25. d5 cxd5 26. Rxd5 Rxd5 27. Nxd5+ Kd7 28. Nb6+ Kc6 29. Nxa4 Ra8 30. b3 Rd8 31. Be3 Rd5 32. g4 Bd4 33. Bxd4 Rxd4 34. Rf1 Nc7 35. g5 Nd5 36. f5 hxg5 37. fxe6 fxe6 38. Rf7 Rh4 39. Rxg7 Rxh5 40. Rg8 Rh2 41. Rxg5 Rxa2 42. Re5 Kd7 43. Re4 Ke7 44. Rc4 e5 45. c6 bxc6 1/2-1/2

[Event "IND-ch Women 2019"]
[Site "Karaikkudi"]
[Date "2019.07.27"]
[Round "11.16"]
[White "Kiran, Manisha Mohanty"]
[Black "Singh, Neha"]
[Result "1/2-1/2"]
[ECO "C88"]
[WhiteElo "2054"]
[BlackElo "1809"]
[Annotator "NA RC"]
[PlyCount "80"]
[EventDate "2019.07.19"]
[EventType "swiss"]
[EventCountry "IND"]
[SourceTitle "playchess.com"]
[Source "ChessBase"]
[SourceQuality "1"]
[TimeControl "40/5400+30:1800+30"]

1. e4 e5 2. Nf3 Nc6 3. Bb5 a6 4. Ba4 Nf6 5. O-O b5 6. Bb3 Be7 7. Re1 d6 8. a4 Bb7 9. d3 O-O 10. Nbd2 Nd7 11. c3 Nc5 12. Bc2 Bf6 13. a5 g6 14. Nf1 Ne6 15. Bb3 Qd7 (15... Bg7 $14) 16. Bh6 $16 Rfe8 17. Ne3 Bg7 18. Bxg7 Kxg7 19. g3 Ne7 20. Nh4 Ng5 21. Qg4 Qxg4 22. Nxg4 f5 23. exf5 Nxf5 24. Bd1 Nxh4 25. gxh4 Nh3+ 26. Kf1 Rf8 27. Re3 Nf4 28. f3 Rf5 29. c4 bxc4 30. dxc4 Ne6 31. Kg2 Nd4 32. Nf2 Raf8 33. Raa3 Rf4 34. b4 Nf5 35. Rec3 Nxh4+ 36. Kg3 Nf5+ 37. Kg2 Nh4+ 38. Kg3 Nf5+ 39. Kg2 Rd4 40. b5 Rd2 1/2-1/2

[Event "IND-ch Women 2019"]
[Site "Karaikkudi"]
[Date "2019.07.27"]
[Round "11.18"]
[White "Meenal Gupta"]
[Black "Sunyuktha C M N"]
[Result "0-1"]
[ECO "B90"]
[WhiteElo "2004"]
[BlackElo "1815"]
[Annotator "NA RC"]
[PlyCount "68"]
[EventDate "2019.07.19"]
[EventType "swiss"]
[EventCountry "IND"]
[SourceTitle "playchess.com"]
[Source "ChessBase"]
[SourceQuality "1"]
[TimeControl "40/5400+30:1800+30"]

1. e4 c5 2. Nf3 d6 3. d4 cxd4 4. Nxd4 Nf6 5. Nc3 a6 6. Be3 e5 7. Nb3 Be6 8. f3 Be7 9. Qd2 O-O 10. O-O-O Nbd7 11. g4 b5 12. g5 Nh5 13. Rg1 Nb6 $11 14. Nd5 Bxd5 15. exd5 Rc8 16. Na5 Nxd5 17. Qxd5 Qxa5 18. Bd3 g6 19. Rdf1 Qc7 20. Kb1 Qd7 21. a4 bxa4 22. Bxa6 Rb8 23. Rg4 Ng7 24. Qa5 Nf5 25. Bf2 Ra8 26. Qxa4 Qe6 27. Qc6 Rfb8 28. Bc4 Qc8 29. Qd5 Qe8 30. f4 exf4 31. Rxf4 Qa4 32. Ba7 Qxa7 33. Qxf7+ Kh8 34. Ba2 Qa3 0-1

[Event "IND-ch Women 2019"]
[Site "Karaikkudi"]
[Date "2019.07.27"]
[Round "11.19"]
[White "Saranya, J."]
[Black "Abhirami Madabushi"]
[Result "1-0"]
[ECO "C42"]
[WhiteElo "2067"]
[BlackElo "1689"]
[Annotator "NA RC"]
[PlyCount "75"]
[EventDate "2019.07.19"]
[EventType "swiss"]
[EventCountry "IND"]
[SourceTitle "playchess.com"]
[Source "ChessBase"]
[SourceQuality "1"]
[TimeControl "40/5400+30:1800+30"]

1. e4 e5 2. Nf3 Nf6 3. Nxe5 d6 4. Nf3 Nxe4 5. d4 d5 6. Bd3 Be7 7. c4 Bb4+ 8. Nbd2 Nxd2 9. Bxd2 Qe7+ 10. Be2 Bxd2+ 11. Qxd2 Be6 12. O-O Nc6 $14 13. c5 O-O 14. Rfe1 Qf6 15. Bb5 Ne7 16. Ne5 c6 17. Bd3 Ng6 18. g3 Bf5 19. f4 Rfe8 20. Re2 h5 21. Rae1 h4 22. b4 Re6 23. Rf2 hxg3 24. hxg3 Rae8 25. Ref1 Be4 26. Bxe4 dxe4 27. Qe3 Ne7 28. g4 Nd5 29. Qxe4 Qh4 30. Rh2 Qg3+ 31. Kh1 Rh6 32. Rxh6 gxh6 33. Rf3 Qh4+ 34. Kg2 Kg7 35. a3 Nf6 36. Qe2 Nxg4 37. Rh3 Rxe5 38. dxe5 1-0

[Event "IND-ch Women 2019"]
[Site "Karaikkudi"]
[Date "2019.07.27"]
[Round "11.20"]
[White "Meghna, C H"]
[Black "Rindhiya V"]
[Result "1-0"]
[ECO "C54"]
[WhiteElo "1903"]
[BlackElo "1573"]
[Annotator "NA RC"]
[PlyCount "73"]
[EventDate "2019.07.19"]
[EventType "swiss"]
[EventCountry "IND"]
[SourceTitle "playchess.com"]
[Source "ChessBase"]
[SourceQuality "1"]
[TimeControl "40/5400+30:1800+30"]

1. e4 e5 2. Nf3 Nc6 3. Bc4 Bc5 4. c3 Nf6 5. d3 d6 6. Bb3 a6 7. h3 h6 8. Nbd2 O-O 9. Nf1 Be6 10. Ng3 Ne7 11. O-O Ng6 12. d4 Ba7 $14 13. Bc2 c5 14. d5 Bd7 15. c4 b5 16. b3 a5 17. a4 bxc4 18. bxc4 Qc7 19. Nh2 Rab8 20. f4 exf4 21. Bxf4 Nxf4 22. Rxf4 Rb4 23. Qd3 Re8 24. Nf3 Qd8 25. Qc3 Bc8 26. Rf1 Qe7 27. Nh4 Qe5 28. Qf3 Rxc4 29. Ngf5 Rxc2 30. Nxg7 c4+ 31. Kh1 Rc3 32. Nxe8 Nxe8 33. Qe2 Be3 34. Rxf7 Bg5 35. Qh5 Ng7 36. Rf8+ Kh7 37. Qg6# 1-0

[Event "IND-ch Women 2019"]
[Site "Karaikkudi"]
[Date "2019.07.27"]
[Round "11.21"]
[White "Shriya R Revankar"]
[Black "Shetye, Siddhali"]
[Result "1-0"]
[ECO "C77"]
[WhiteElo "1627"]
[BlackElo "1837"]
[Annotator "NA RC"]
[PlyCount "153"]
[EventDate "2019.07.19"]
[EventType "swiss"]
[EventCountry "IND"]
[SourceTitle "playchess.com"]
[Source "ChessBase"]
[SourceQuality "1"]
[TimeControl "40/5400+30:1800+30"]

1. e4 e5 2. Nf3 Nc6 3. Bb5 a6 4. Ba4 Nf6 5. d3 b5 6. Bb3 Bc5 7. Nc3 h6 8. Nd5 d6 9. c3 Nxd5 10. Bxd5 Bb7 $14 11. b4 Bb6 12. a4 Rb8 13. Be3 Ne7 14. Bxb7 Rxb7 15. O-O O-O 16. a5 Bxe3 17. fxe3 Ng6 18. d4 Qe7 19. dxe5 Nxe5 20. Nxe5 Qxe5 21. Qd5 Qxd5 22. exd5 Re8 23. Kf2 Re5 24. Rfd1 Rb8 25. Rd4 Rbe8 26. Re1 R8e7 27. c4 bxc4 28. Rxc4 Rxd5 29. Rc6 Re4 30. Rb1 Rb5 31. Rxc7 Rexb4 32. Rxb4 Rxb4 33. Rc8+ Kh7 34. Rc6 Ra4 35. Rxa6 f6 36. Ra8 Kg6 37. a6 d5 38. a7 Kh7 39. Ke2 Ra3 40. Kd2 Ra2+ 41. Kc3 Ra4 42. Kb3 Ra1 43. Kb4 Ra2 44. Kc5 Rc2+ 45. Kxd5 Ra2 46. g4 Ra1 47. Ke4 Ra5 48. h4 Kg6 49. Kf4 Ra4+ 50. e4 Ra5 51. Ke3 Ra4 52. Kd3 Ra1 53. Kc4 Rc1+ 54. Kd5 Ra1 55. Ke6 Ra6+ 56. Ke7 Ra4 57. Kf8 Ra6 58. Kg8 h5 59. gxh5+ Kh6 60. Kf7 Kh7 61. h6 g6 62. Re8 Rxa7+ 63. Kxf6 Ra4 64. Kg5 Ra7 65. e5 Rf7 66. e6 Rf5+ 67. Kg4 Re5 68. Kf4 Re1 69. Kg5 Rg1+ 70. Kf6 Rf1+ 71. Ke7 Kxh6 72. Rf8 Ra1 73. Kf7 Rf1+ 74. Ke8 Re1 75. e7 Kg7 76. Kd7 Rd1+ 77. Kc6 1-0